 Dungeon Sprint DCSS version 0.14-a0-340-g4dbb6ee (console) character file.

84 Dalvant the Firebug (level 3, -2/19 HPs)
             Began as a Deep Elf Fire Elementalist on Oct 23, 2013.
             Slain by a water elemental (21 damage)
             ... in the Dungeon (Sprint III: "The Ten Rune Challenge").
             The game lasted 00:01:56 (569 turns).

Dalvant the Firebug (Deep Elf Fire Elementalist)     Turns: 569, Time: 00:01:56

HP  -2/19        AC  2     Str  5      XL: 3   Next: 19%
MP   5/9         EV 13     Int 20      God:
Gold 48          SH  0     Dex 15      Spells:  1 memorised,  5 levels left

Res.Fire  : . . .   See Invis. : .   (no weapon)
Res.Cold  : . . .   Warding    : .   a - +0 elf robe
Life Prot.: . . .   Conserve   : .   (no shield)
Res.Poison: .       Res.Corr.  : .   (no helmet)
Res.Elec. : .       Clarity    : .   (no cloak)
Sust.Abil.: . .     Spirit.Shd : .   (no gloves)
Res.Mut.  : .       Prev.Telep.: +   (no boots)
Res.Rott. : .       Flight     : .   (no amulet)
Saprovore : . . .                    (no ring)
                                     (no ring)

@: very slightly contaminated, somewhat resistant to hostile enchantments,
stealthy
A: magic resistance 1, mutation resistance 1
a: no special abilities


You were in the Dungeon.
You were not hungry.

You visited 1 branch You collected 28 gold pieces.

Inventory:

Armour
 a - a +0 elven robe (worn)
Comestibles
 c - a bread ration
 m - 2 chokos
Scrolls
 i - a scroll of blinking
 j - a scroll of immolation {unknown}
 k - 3 scrolls of identify
 l - 2 scrolls of remove curse
 p - a scroll of torment {unknown}
 q - a scroll of fog {unknown}
Potions
 d - a potion of curing
 e - a potion of heal wounds
 f - a potion of speed
 g - a potion of magic
 o - 4 potions of flight
Books
 b - a book of Flames

   Spells                             Type                      Level
   *Flame Tongue                      Conjuration/Fire             1
   Throw Flame                        Conjuration/Fire             2
   Conjure Flame                      Conjuration/Fire             3
   Inner Flame                        Hexes/Fire                   3
   Sticky Flame                       Conjuration/Fire             4
   Fireball                           Conjuration/Fire             5


   Skills:
 * Level 2.0 Fighting
 - Level 2.4 Dodging
 + Level 3.3 Stealth
 + Level 2.4 Spellcasting
 * Level 3.4 Conjurations
 + Level 5.5 Fire Magic


You had 5 spell levels left.
You knew the following spells:

 Your Spells              Type           Power        Failure   Level  Hunger
a - Flame Tongue          Conj/Fire      ###..        2%          1    #......


Dungeon Overview and Level Annotations

Branches:
Dungeon (1/1)

Altars:


Innate Abilities, Weirdness & Mutations

You are resistant to hostile enchantments.
You are somewhat resistant to further mutation.


Message History

The flame hits the water elemental.
The water elemental is burned terribly!
The water elemental is moderately damaged.
Casting: Flame Tongue
Confirm with . or Enter, or press ? or * to list all spells.
Aiming: Flame Tongue
Press: ? - help, Shift-Dir - straight line, f/p - water elemental
Aim: a water elemental (moderately damaged)
The flame hits the water elemental.
The water elemental is burned terribly!
The water elemental is heavily damaged.
The water elemental barely misses you.
Casting: Flame Tongue
Confirm with . or Enter, or press ? or * to list all spells.
Aiming: Flame Tongue
Press: ? - help, Shift-Dir - straight line, f/p - water elemental
Aim: a water elemental (heavily damaged)
You miscast Flame Tongue.
You are very lightly contaminated with residual magic.
Heat runs through your body. The water elemental hits you!
Ouch! That really hurt!
You die...

###################
#<.#..'...♣♣♣♣♣♣♣.#
#<.#..#......♣♣♣♣.#
##'####.....♣♣♣♣♣.#
#.....#....≈.♣♣♣♣.# #+#+#
#.....#...≈≈..♣♣..#.......
#....)#..≈≈≈≈♣..@E'.⌠.....
#####'#..≈≈≈≈≈≈...#...####
#(....#.≈≈≈≈≈≈....# ⌠.#
#.%...#.≈≈≈≈≈.....# .#
#.....#.≈≈≈.......# #
#'#####...........#
#....)............#
###################


You could see a water elemental.

Vanquished Creatures
  An elf (D)
  A giant mite (D)
  3 grey rats (D)
  A phantom (D)
6 creatures vanquished.

Vanquished Creatures (others)
  2 draconian scorchers (D)
  A yaktaur (D)
  2 plants (D)
5 creatures vanquished.

Grand Total: 11 creatures vanquished

Notes
Turn   | Place    | Note
--------------------------------------------------------------
     0 | D        | Dalvant, the Deep Elf Fire Elementalist, began the quest for the Orb.
     0 | D        | Reached XP level 1. HP: 10/10 MP: 4/4
    11 | D        | Reached skill level 4 in Fire Magic
   181 | D        | Reached skill level 1 in Fighting
   181 | D        | Reached XP level 2. HP: 15/15 MP: 0/6
   222 | D        | Killed a white draconian scorcher
   269 | D        | Reached skill level 5 in Fire Magic
   269 | D        | Reached XP level 3. HP: 5/19 MP: 3/9
   294 | D        | Killed a yaktaur
   417 | D        | Killed a white draconian scorcher
   555 | D        | Paralysed by a potion of paralysis for 7 turns
   562 | D        | Gained mutation: You are resistant to hostile enchantments. [potion of mutation]
   562 | D        | Gained mutation: Your vision is a little blurry. [potion of mutation]
   562 | D        | Gained mutation: You are somewhat resistant to further mutation. [potion of mutation]
   563 | D        | Lost mutation: Your vision is a little blurry. [potion of mutation]
   563 | D        | Gained mutation: You are robust (+10% HP). [potion of mutation]
   563 | D        | Lost mutation: You are robust (+10% HP). [potion of mutation]
   564 | D        | Noticed a water elemental
   569 | D        | Slain by a water elemental

Action                   || total
-------------------------++-------
Melee: Unarmed           ||     9
 Cast: Flame Tongue      ||    22
  Use: Potion            ||     6
